 Dungeon Crawl Stone Soup version 0.17.0-18-gaab0e96 (webtiles) character file.

42 deconix the Charmwright (level 3, 0/24 HPs)
             Began as a High Elf Skald on Nov 11, 2015.
             Was a Follower of Okawaru.
             Succumbed to an adder's poison
             ... on level 2 of the Dungeon.
             The game lasted 00:10:53 (1097 turns).

deconix the Charmwright (High Elf Skald)            Turns: 1097, Time: 00:10:53

Health: 0/24       AC:  7    Str: 12    XL:     3   Next: 35%
Magic:  8/8        EV: 10    Int: 15    God:    Okawaru [*.....]
Gold:   56         SH:  0    Dex: 15    Spells: 1 memorised, 6 levels left

rFire  + + .     SeeInvis .     a - +0 falchion
rCold  . . .     Clarity  .     i - +0 ring mail
rNeg   . . .     SustAt   .     (no shield)
rPois  +         Gourm    .     (no helmet)
rElec  +         Spirit   .     (no cloak)
rCorr  +         Warding  .     j - +1 pair of gloves
rMut   .         Stasis   .     (no boots)
MR     .....                    (no amulet)
Stlth  +.........               (no ring)
                                p - ring of fire

@: lethally poisoned (0 -> -1), resistant, flying, not resistant to hostile
enchantments, very unstealthy
A: no striking features
a: Heroism, Renounce Religion


You were on level 2 of the Dungeon.
You worshipped Okawaru.
Okawaru was aware of your devotion.
You were not hungry.

You visited 1 branch of the dungeon, and saw 2 of its levels.

You collected 56 gold pieces.

Inventory:

Hand Weapons
 a - a +0 falchion (weapon)
 h - a +0 short sword
Missiles
 e - 7 arrows
 f - 16 sling bullets
Armour
 b - a +0 leather armour
 i - a +0 ring mail (worn)
 j - a +1 pair of gloves (worn)
 q - a +0 ring mail
 r - a cursed +0 pair of boots
Jewellery
 p - a ring of fire (left hand)
Scrolls
 k - 2 scrolls of identify
 l - a scroll of remove curse
 n - a scroll of recharging
Potions
 m - 2 potions of flight
Books
 c - a book of Battle

   Spells                             Type                      Level
   a - Infusion                       Charms                       1
   b - Shroud of Golubria             Charms/Translocation         2
   c - Song of Slaying                Charms                       2
   d - Spectral Weapon                Hexes/Charms                 3
   e - Regeneration                   Charms/Necromancy            3
Comestibles
 d - 2 bread rations


   Skills:
 + Level 2.2 Fighting
 + Level 2.8 Long Blades
 + Level 1.4 Armour
 + Level 1.5 Dodging
 + Level 2.8 Spellcasting
 + Level 4.2 Charms


You had 6 spell levels left.
You knew the following spells:

 Your Spells              Type           Power        Failure   Level  Hunger
a - Infusion              Chrm           ##....       12%         1    #......


Dungeon Overview and Level Annotations

Branches:
Dungeon (2/15)

Altars:
Okawaru
Sif Muna
Xom


Message History

You feel sick.
There is an open door here.
You see here a worm corpse.
As you read the scroll labeled VUYGIP HAOCKEU, it crumbles to dust.
It is a scroll of recharging.
You aren't carrying any rechargeable items.
This spell is quite dangerous to cast!
Memorise Regeneration, consuming 3 spell levels and leaving 3?
Your memorisation is interrupted.
* * * LOW HITPOINT WARNING * * *
You feel sick.
Casting: Infusion
Confirm with . or Enter, or press ? or * to list all spells.
Okay, then.
This spell is quite dangerous to cast!
Memorise Regeneration, consuming 3 spell levels and leaving 3?
You start memorising the spell.
You continue memorising.
You continue memorising. x2
Your memorisation is interrupted.
You die...

######### .... #.......#
..... #......####
......####.....###.#
......#..'.....#⌠._##
........#.##....@†...8#
........#.##.....#⌠._##
..........##########.#
..........# #.#####
..........#######.....#
#.#.......'...........#
#.........###.##......#
#....8...<'...##......#
##..8.8...##..##...[..###


There were no monsters in sight!

Vanquished Creatures
  An adder (D:2)
  3 worms (D:2)
  A giant cockroach (D:1)
  5 hobgoblins
  4 jackals (D:1)
  A bat (D:1)
  2 giant newts (D:1)
  2 goblins
  3 kobolds (D:1)
  3 rats
25 creatures vanquished.

Notes
Turn   | Place    | Note
--------------------------------------------------------------
     0 | D:1      | deconix the High Elf Skald began the quest for the Orb.
     0 | D:1      | Reached XP level 1. HP: 14/14 MP: 4/4
   184 | D:1      | Reached skill level 4 in Charms
   315 | D:1      | Reached XP level 2. HP: 14/19 MP: 6/6
   696 | D:1      | Reached skill level 1 in Armour
   952 | D:2      | Found a faded altar to an unknown god.
   968 | D:2      | Became a worshipper of Warmaster Okawaru
   968 | D:2      | Reached * piety under Okawaru
   998 | D:2      | Reached XP level 3. HP: 21/24 MP: 2/8
  1034 | D:2      | Found a deep blue altar of Sif Muna.
  1034 | D:2      | Found a shimmering altar of Xom.
  1093 | D:2      | HP: 1/24 [poisoned by an adder]
  1097 | D:2      | Succumbed to an adder's poison

Action                   || total
-------------------------++-------
Melee: Falchion          ||   122
 Cast: Infusion          ||     3
Invok: Heroism           ||     1
  Use: Scroll            ||     6
       Potion            ||     2
  Eat: Beef jerky        ||     1
